 Dungeon Crawl Stone Soup version 0.24.1-11-gbbbb2193e6 (webtiles) character file.

Game seed: 10619620734434335240, levelgen mode: deterministic

4567 lepoulpe303 the Ruffian (level 10, -5/81 HPs)
             Began as a Red Draconian Transmuter on May 14, 2020.
             Was a Follower of Wu Jian.
             Slain by a yak (11 damage)
             ... on level 8 of the Dungeon.
             The game lasted 00:47:31 (13236 turns).

lepoulpe303 the Ruffian (Red Draconian Transmuter) Turns: 13236, Time: 00:47:31

Health: -5/81      AC:  8    Str: 13    XL:     10   Next: 18%
Magic:  27/29      EV: 14    Int: 17    God:    Wu Jian [*.....]
Gold:   739        SH:  0    Dex: 11    Spells: 7/22 levels left

rFire    + . .     SeeInvis .     - Unarmed
rCold    . . .     Gourm    .   (shield currently unavailable)
rNeg     . . .     Faith    .   (armour unavailable)
rPois    .         Spirit   .   (helmet restricted)
rElec    .         Reflect  .   C - +0 cloak
rCorr    .         Harm     .   (gloves currently unavailable)
MR       .....                  (no boots)
Stlth    +.........             x - amulet of magic regeneration
HPRegen  0.23/turn              W - ring of wizardry {Wiz+}
MPRegen  0.46/turn              E - ring of magical power {MP+9}

@: blade hands
A: breathe fire, unfitting armour, fire resistance 1, cold-blooded, AC +7
a: Breathe Fire, End Transformation, Renounce Religion


You were on level 8 of the Dungeon.
You worshipped Wu Jian.
Wu Jian was aware of your devotion.
You were not hungry.
You had blades for hands.
You visited 3 branches of the dungeon, and saw 10 of its levels.

You collected 739 gold pieces.

Inventory:

Missiles
 b - 2 throwing nets {=f}
 f - 47 poisoned darts
 m - 16 boomerangs (quivered)
 D - 8 javelins
 Q - 86 arrows
Armour
 C - a +0 cloak (worn)
Jewellery
 h - an uncursed amulet of the gourmand
 x - an amulet of magic regeneration (around neck)
 E - a ring of magical power (right scythe-like blade) {MP+9}
 P - an uncursed ring of poison resistance
 W - a ring of wizardry (left scythe-like blade) {Wiz+}
Wands
 y - a wand of iceblast (8)
Scrolls
 d - a scroll of magic mapping {unknown}
 i - 4 scrolls of identify
 j - 3 scrolls of random uselessness {unknown}
 k - a scroll of enchant armour {unknown}
 l - 2 scrolls of immolation {unknown}
 n - a scroll of noise {unknown}
 r - 3 scrolls of blinking {unknown}
 t - 4 scrolls of teleportation {unknown}
 w - 2 scrolls of remove curse
 F - a scroll of holy word {unknown}
Potions
 a - 2 potions of mutation {!q}
 c - 3 potions of flight
 g - 3 potions of brilliance
 o - a potion of invisibility {unknown}
 q - 2 potions of curing
 s - 2 potions of agility
 u - 2 potions of ambrosia {unknown}
 v - 2 potions of heal wounds {unknown}
 z - a potion of haste {unknown}
 A - a potion of berserk rage {unknown}
Comestibles
 e - 19 rations


   Skills:
 + Level 5.4 Fighting
 + Level 4.8 Dodging
 * Level 7.6 Unarmed Combat
 * Level 6.8 Spellcasting
 * Level 7.3 Transmutations
 + Level 3.7 Ice Magic


You had 7 spell levels left.
You knew the following spells:

 Your Spells              Type           Power        Failure   Level  Hunger
a - Beastly Appendage     Tmut           ####..       4%          1    None
b - Ice Form              Ice/Tmut       ###.....     22%         4    ####...
c - Spider Form           Tmut/Pois      ###.......   17%         3    ##.....
s - Sticks to Snakes      Tmut           ####....     6%          2    None
x - Blade Hands           Tmut           ####......   26%         5    #####..

Your spell library contained the following spells:

 Spells                   Type           Power        Failure   Level  Hunger
 Animate Skeleton         Necr           N/A          22%         1    None
 Confusing Touch          Hex            #.....       22%         1    None
 Pain                     Necr           #...         22%         1    None
 Petrify                  Tmut/Erth      ###.....     36%         4    ####...
 Confuse                  Hex            #.......     43%         3    ##.....
 Gell's Gravitas          Tloc           #.........   43%         3    ##.....
 Regeneration             Chrm/Necr      #.........   43%         3    ##.....
 Vampiric Draining        Necr           #.........   43%         3    ##.....
 Yara's Violent Unravell  Hex/Tmut       ###.......   61%         5    #####..
 Animate Dead             Necr           N/A          73%         4    ####...
 Metabolic Englaciation   Hex/Ice        ##........   80%         5    #####..


Dungeon Overview and Level Annotations

Branches:
Dungeon (8/15)             Temple (1/1) D:6            Lair (1/6) D:8

Altars:
Ashenzari
Cheibriados
Dithmenos
Elyvilon
Fedhas
Gozag
Hepliaklqana
Kikubaaqudgha
Nemelex Xobeh
Okawaru
Qazlal
Ru
Sif Muna
Trog
Uskayaw
Vehumet
Wu Jian
Xom
Yredelemnul
Zin
The Shining One

Shops:
D:5 :

Annotations:
D:3 Grinder
Lair:1 exclusion: oklob plant


Innate Abilities, Weirdness & Mutations

You can breathe blasts of fire.
Your fiery red scales are hard. (AC +7)
You cannot fit into any form of body armour.
Your flesh is heat resistant. (rF+)
You are cold-blooded and may be slowed by cold attacks.


Message History

The yak gores the plant!
You slice the yak!!
You kill the yak!
The yak gores the plant!
You slash the yak! The yak completely misses you.
You slash the yak!
The yak gores the plant!
The plant is destroyed!
You slash the yak!
You kill the yak!
You hit the yak. You tail-slap the yak. The yak misses you.
You slash the yak! The komodo dragon bites you!!
* * * LOW HITPOINT WARNING * * *
The yak gores you!
* * * LOW HITPOINT WARNING * * *
You take 25 damage, and have 17/81 hp.
MASSIVE DAMAGE!!
You hit the yak but do no damage. The komodo dragon bites you!
* * * LOW HITPOINT WARNING * * *
The yak gores you!
You die...

.# #.........##
.#
#..........##
.#
#[....###...##
.#
#.....##...PP##
.#
#####.#.....PP#
.# #.#...PPPP#
.# #.....PPPP#
.#


#...lPPPPP# ## #....@P.PP# ##..PPY.PP# #.PPP.>.P# ##..P...P# #.PPPPPP# ##PPPPP##
####### You could see a komodo dragon and a yak.

Levels and vault maps discovered:
D:1:      lemuel_arrival_room, layout_basic
D:2:      layout_rooms
D:3:      layout_loops_ring, fedhas_ov_isle_minmay, grunt_gozag_breadcrumbs,
          uniq_terence, uniq_grinder
D:4:      layout_cave_pools, dancing_weapons_uskayaw, serial_glass,
          glass_columns_b, glass_columns_c, first_ration,
          minmay_fractal_squares_5, uniq_sigmund
D:5:      minmay_polygon_palace, layout_layer_cave,
          nicolae_overflow_crystal_walls, serial_shops, shop
D:6:      layout_basic, kennysheep_mini_moat, lemuel_crystal_altar,
          lemuel_doored_altar, old_standard_altar, kennysheep_mini,
          minmay_temple_entry_overgrown, basic_altar, serial_bayou,
          serial_bayou_ford_a, serial_bayou_pond_c, serial_bayou_pond_a,
          serial_bayou_lagoon_a, kennysheep_generic_room_11, uniq_prince_ribbit1
D:7:      layout_gridville, grunt_qazlal_clouds, serial_bayou,
          serial_bayou_crossing, serial_bayou_pond_c, serial_bayou_pond_a,
          serial_bayou_pond_d, basic_altar, the_bakery
D:8:      layout_rooms, lemuel_zombie_altar_yredelemnul,
          nicolae_ru_path_of_blood, david_lair_shrubbed,
          nicolae_dithmenos_shadow_blocks
Temple:   jpeg_temple_island
Lair:1:   layout_regular_city, serial_bayou_lagoon_b, grunt_megastairs_1,
          minmay_lair_oklob_chamber, infiniplex_staircase_pool

Notes
Turn   | Place    | Note
-------+----------+-------------------------------------------
     0 | D:1      | lepoulpe303 the Draconian Transmuter began the quest for
                  | the Orb.
     0 | D:1      | Reached XP level 1. HP: 16/16 MP: 3/3
    81 | D:1      | Identified a +0 dagger
   102 | D:1      | Identified a +0 short sword
   174 | D:1      | Identified a +0 club
   263 | D:1      | Reached XP level 2. HP: 23/23 MP: 5/5
   267 | D:1      | Learned a level 2 spell: Sticks to Snakes
   448 | D:1      | Identified a +0 club
   881 | D:1      | Reached skill level 2 in Dodging
   947 | D:1      | Identified a +0 club
   966 | D:1      | Reached XP level 3. HP: 18/28 MP: 6/6
   974 | D:1      | Learned a level 3 spell: Spider Form
  1144 | D:2      | Identified a +0 whip
  1144 | D:2      | Identified a +0 club
  1177 | D:2      | HP: 7/28 [poisoned by an adder]
  1185 | D:2      | HP: 4/28 [poisoned by an adder]
  1482 | D:2      | Identified 2 scrolls of identify
  1482 | D:2      | Identified an amulet of the gourmand (You found it on level
                  | 1 of the Dungeon)
  1651 | D:2      | Identified a +0 club
  1675 | D:2      | Identified a +0 club
  1678 | D:2      | Identified a +0 club
  1679 | D:2      | Identified a +0 spear
  1684 | D:2      | Identified a +0 whip
  1689 | D:2      | HP: 4/29 [gnoll/+0 club (9)]
  1694 | D:2      | HP: 1/29 [gnoll/+0 club (4)]
  2021 | D:1      | Reached XP level 4. HP: 13/36 MP: 5/8
  2236 | D:2      | HP: 9/36 [gnoll/+0 whip (1)]
  2241 | D:2      | HP: 2/36 [gnoll/+0 whip (7)]
  2313 | D:1      | HP: 5/36 [gnoll/+0 whip (6)]
  2342 | D:1      | HP: 7/36 [gnoll/+0 whip (2)]
  2632 | D:2      | Reached skill level 3 in Transmutations
  2670 | D:2      | Reached skill level 2 in Fighting
  2816 | D:2      | Reached skill level 3 in Spellcasting
  3004 | D:2      | Reached XP level 5. HP: 37/41 MP: 9/9
  3013 | D:2      | Learned a level 4 spell: Ice Form
  3028 | D:3      | Identified a +0 flail
  3028 | D:3      | Identified a +0 dagger
  3028 | D:3      | Identified a +0 robe
  3028 | D:3      | Identified a +0 leather armour
  3043 | D:3      | Identified a +0 mace
  3043 | D:3      | Identified a +0 chain mail
  3043 | D:3      | Identified a +0 whip
  3043 | D:3      | Identified a +0 dagger
  3043 | D:3      | Identified a +0 robe
  3043 | D:3      | Identified a +0 flail
  3043 | D:3      | Identified a +0 leather armour
  3063 | D:3      | Identified a +0 flail
  3063 | D:3      | Identified a +0 ring mail
  3063 | D:3      | Noticed Terence
  3240 | D:2      | HP: 9/41 [Terence/+0 flail (5)]
  3250 | D:2      | HP: 8/41 [orc/boomerang (2)]
  3595 | D:3      | Identified a +2 short sword of venom
  3680 | D:3      | Identified a +0 spear
  3681 | D:3      | Identified a cursed -3 whip
  3803 | D:3      | Identified a +0 whip
  3817 | D:3      | Reached skill level 4 in Unarmed Combat
  3849 | D:3      | Noticed Grinder
  3908 | D:3      | Found a blossoming altar of Fedhas.
  4120 | D:3      | HP: 10/41 [Grinder (2)]
  4239 | D:2      | HP: 10/41 [orc/+0 mace (5)]
  4697 | D:2      | Killed Terence
  4805 | D:3      | Found an opulent altar of Gozag.
  4866 | D:3      | Reached XP level 6. HP: 46/49 MP: 9/11
  4892 | D:3      | Identified a +0 whip
  4893 | D:3      | Identified a +0 spear
  4895 | D:3      | Identified a +0 short sword
  4896 | D:3      | Reached skill level 1 in Ice Magic
  5115 | D:3      | Identified a +0 war axe
  5162 | D:3      | Identified a +0 club
  5162 | D:3      | Identified a +0 leather armour
  5170 | D:3      | Identified a +2 dagger of draining
  5223 | D:4      | Identified a +0 club
  5226 | D:4      | Identified a +0 whip
  5242 | D:4      | HP: 12/50 [gnoll (5)]
  5877 | D:4      | Identified a +0 chain mail
  6163 | D:4      | Identified a +0 dagger
  6163 | D:4      | Identified a +0 robe
  6163 | D:4      | Identified a +0 dagger
  6163 | D:4      | Identified a cursed +0 robe
  6190 | D:4      | Reached skill level 4 in Transmutations
  6344 | D:4      | Identified an amulet of magic regeneration (You found it on
                  | level 4 of the Dungeon)
  6347 | D:4      | Identified a ring of attention (You found it on level 2 of
                  | the Dungeon)
  6349 | D:4      | Identified 2 scrolls of remove curse
  6350 | D:4      | Identified a ring of wizardry (You found it on level 1 of
                  | the Dungeon)
  6358 | D:4      | Your scales start taking on a fiery red colour.
  6358 | D:4      | Reached XP level 7. HP: 51/56 MP: 12/12
  6358 | D:4      | Gained mutation: Your flesh is heat resistant. (rF+) [Red
                  | Draconian growth]
  6410 | D:4      | Identified a ring of teleportation (You found it on level 4
                  | of the Dungeon)
  6421 | D:4      | Identified a +0 scythe
  6421 | D:4      | Identified a +0 robe
  6421 | D:4      | Noticed Sigmund
  6445 | D:4      | Killed Sigmund
  6445 | D:4      | Reached skill level 3 in Dodging
  6445 | D:4      | Reached skill level 4 in Spellcasting
  6494 | D:4      | Identified a cursed -3 hand axe
  6494 | D:4      | Noticed a -3 hand axe
  6494 | D:4      | Identified a +0 dagger
  6494 | D:4      | Noticed a +0 dagger
  6498 | D:4      | Found a hide-covered altar of Uskayaw.
  6573 | D:4      | Identified a +0 short sword
  6573 | D:4      | Identified a +0 chain mail
  6590 | D:4      | Reached skill level 3 in Fighting
  6727 | D:4      | Identified a +0 club
  6727 | D:4      | Identified a +0 robe
  6727 | D:4      | Identified a cursed -1 whip
  6787 | D:5      | Entered Level 5 of the Dungeon
  6795 | D:5      | Reached skill level 5 in Unarmed Combat
  6834 | D:5      | Identified a +0 flail
  6834 | D:5      | Identified a +0 spear
  6835 | D:5      | Identified a +0 flail
  6836 | D:5      | Identified a +0 club
  6836 | D:5      | Identified a +0 leather armour
  6839 | D:5      | Identified a +1 flail of protection
  6841 | D:5      | Identified a +0 trident
  6841 | D:5      | Identified a +0 ring mail
  6844 | D:5      | Identified a +0 war axe
  6844 | D:5      | Identified a +0 leather armour
  6846 | D:5      | Identified a +0 chain mail
  6847 | D:5      | Identified a +0 whip
  6869 | D:5      | HP: 14/57 [orc/+1 flail of protection (3)]
  7148 | D:5      | Found Aculeex's Book Emporium.
  7214 | D:5      | Found an iron altar of Okawaru.
  7278 | D:5      | HP: 12/57 [howler monkey (5)]
  7541 | D:5      | Identified a +0 giant club
  7563 | D:5      | Reached XP level 8. HP: 35/63 MP: 14/14
  7573 | D:5      | Learned a level 5 spell: Blade Hands
  7714 | D:5      | Identified a +0 falchion
  7722 | D:5      | Identified a +0 dagger
  7722 | D:5      | Identified a +0 leather armour
  7722 | D:5      | Identified a +0 dagger
  7722 | D:5      | Identified a +3 leather armour
  7731 | D:5      | Identified a +0 mace
  7731 | D:5      | Identified a +0 leather armour
  7749 | D:5      | Reached skill level 2 in Ice Magic
  7766 | D:5      | Reached skill level 5 in Transmutations
  7813 | D:5      | Identified 3 potions of flight
  8446 | D:5      | Identified a +0 dagger
  8446 | D:5      | Identified a +0 chain mail
  8479 | D:5      | Identified a +0 cloak (You found it on level 5 of the
                  | Dungeon)
  8516 | D:5      | Identified a +0 mace
  8716 | D:6      | Found an iron altar of Okawaru.
  8801 | D:6      | Reached skill level 5 in Spellcasting
  8805 | D:6      | Identified a +0 giant spiked club
  8880 | D:6      | Identified an uncursed ring of magical power
  8891 | D:6      | Found a glowing golden altar of the Shining One.
  8922 | D:6      | Noticed a hippogriff
  8940 | D:6      | Reached skill level 6 in Unarmed Combat
  8959 | D:6      | Killed a hippogriff
  8959 | D:6      | Reached skill level 4 in Fighting
  9346 | D:6      | Found a hazy altar of Hepliaklqana.
  9386 | D:6      | Reached XP level 9. HP: 61/71 MP: 17/17
  9403 | D:6      | Reached skill level 4 in Dodging
  9403 | D:6      | Reached skill level 6 in Transmutations
  9415 | D:6      | Identified a +0 giant club
  9438 | D:6      | Found a shimmering blue altar of Sif Muna.
  9464 | D:6      | Found a shimmering altar of Xom.
  9464 | D:6      | Noticed Prince Ribbit
  9494 | D:6      | Found a staircase to the Ecumenical Temple.
  9554 | Temple   | Entered the Ecumenical Temple
  9593 | Temple   | Became a worshipper of the Wu Jian Council
  9747 | Temple   | lepoulpe303: !whichgod drtm
  9858 | D:6      | Found a shattered altar of Ashenzari.
  9925 | D:6      | Killed Prince Ribbit
  9925 | D:6      | Reached skill level 3 in Ice Magic
 10095 | D:6      | Identified 3 potions of degeneration
 10096 | D:6      | Identified 3 potions of brilliance
 10097 | D:6      | meem: 90s limit exceeded: killed !whichgod drtm
 10098 | D:6      | Identified 2 potions of mutation
 10192 | D:7      | Identified a +0 war axe
 10265 | D:7      | Found an iron altar of Okawaru.
 10303 | D:7      | HP: 13/72 [electric eel/bolt of electricity (7)]
 10699 | D:7      | Reached skill level 6 in Spellcasting
 10729 | D:7      | Identified a +0 flail
 10742 | D:7      | HP: 16/72 [orc/+0 flail (4)]
 11098 | D:7      | HP: 14/72 [electric eel/bolt of electricity (11)]
 11099 | D:7      | Reached skill level 7 in Unarmed Combat
 11391 | D:7      | Identified a +0 dagger
 11391 | D:7      | Identified a +0 robe
 11678 | D:7      | Found a stormy altar of Qazlal.
 11868 | D:8      | Reached skill level 5 in Fighting
 11894 | D:8      | Identified a +0 whip
 11894 | D:8      | Identified a +0 whip
 12002 | D:8      | Identified a +0 flail
 12002 | D:8      | Identified a +0 club
 12002 | D:8      | Identified a +0 whip
 12016 | D:8      | Reached skill level 7 in Transmutations
 12055 | D:8      | Reached * piety under Wu Jian
 12149 | D:8      | Found a staircase to the Lair.
 12150 | D:8      | Noticed a komodo dragon
 12225 | D:8      | Identified a +0 club
 12225 | D:8      | Identified a +0 leather armour
 12226 | D:8      | Identified a +0 flail
 12226 | D:8      | Identified a +0 leather armour
 12254 | D:8      | Found a shadowy altar of Dithmenos.
 12352 | D:8      | Identified a cursed +0 chain mail
 12416 | D:8      | Found a sacrificial altar of Ru.
 12441 | D:8      | Found a basalt altar of Yredelemnul.
 12442 | D:8      | lepoulpe303: !whichgod drtm
 12442 | D:8      | meem: 96 recent wins for drtm: 27x Wu Jian, 15x
                  | Cheibriados, 9x Okawaru, 8x Ru, 7x Makhleb, 5x Nemelex
                  | Xobeh, 5x Gozag, 4x Ashenzari, 3x Jiyva, 3x Elyvilon, 3x
                  | The Shining One, 2x Sif Muna, 2x Vehumet, 2x Hepliaklqana,
                  | Qazlal
 12608 | Lair:1   | Entered Level 1 of the Lair of Beasts
 12649 | Lair:1   | Noticed an oklob plant
 12656 | Lair:1   | Identified a ring of poison resistance (You found it on
                  | level 7 of the Dungeon)
 12695 | Lair:1   | HP: 17/74 [water moccasin (9)]
 12697 | Lair:1   | Identified 3 potions of agility
 12698 | Lair:1   | Identified 3 potions of curing
 12708 | Lair:1   | HP: 11/74 [water moccasin (8)]
 12710 | Lair:1   | Reached XP level 10. HP: 13/81 MP: 19/19
 13235 | D:8      | HP: 17/81 [yak (7)]
 13236 | D:8      | HP: 6/81 [komodo dragon (11)]
 13236 | D:8      | Slain by a yak

Table legend:
 A = Turns spent in this place as a percentage of turns spent in the entire game.
 B = Non-inter-level travel turns spent in this place as a percentage of non-inter-level travel turns spent in the entire game.
 C = Inter-level travel turns spent in this place as a percentage of turns spent in this place.
 D = Turns resting spent in this place as a percentage of non-inter-level travel turns spent in this place.
 E = Turns spent auto-exploring this place as a percentage of non-inter-level travel turns spent in this place.
 F = Non-inter-level travel turns spent in this place divided by the number of levels of this place that you've seen.
                   A       B       C       D       E      F
               +-------+-------+-------+-------+-------+----------------------
         Total | 100.0 | 100.0 |   2.6 |  41.1 |  35.2 | 1288.9
       Dungeon |  95.0 |  95.1 |   2.5 |  39.6 |  36.5 | 1531.4
        Temple |   1.8 |   1.6 |  12.0 |  74.1 |  13.7 | 205.0
          Lair |   3.3 |   3.4 |   0.0 |  67.7 |  10.2 | 433.0
               +-------+-------+-------+-------+-------+----------------------

Table legend:
 A = Kills in this place as a percentage of kills in entire the game.
 B = Kills by you in this place as a percentage of kills by you in the entire game.
 C = Kills by friends in this place as a percentage of kills by friends in the entire game.
 D = Other kills in this place as a percentage of other kills in the entire game.
 E = Experience gained in this place as a percentage of experience gained in the entire game.
 F = Experience gained in this place divided by the number of levels of this place that you have seen.
                   A       B       C       D       E      F
               +-------+-------+-------+-------+-------+----------------------
         Total | 100.0 | 100.0 | 100.0 |   N/A | 100.0 | 652.5
       Dungeon |  98.6 |  98.5 | 100.0 |   N/A |  94.2 | 768.1
          Lair |   1.4 |   1.5 |   0.0 |   N/A |   5.8 | 380.0
               +-------+-------+-------+-------+-------+----------------------

Skill      XL: |  1  2  3  4  5  6  7  8  9 |
---------------+----------------------------+-----
Dodging        | 2 3 4 |  4.8
Transmutations | 3 4 5 7 |  7.3
Fighting       | 2 3 4 5 |  5.4
Spellcasting   | 3 4 5 6 |  6.8
Unarmed Combat | 4 5 6 7 |  7.6
Ice Magic      | 1 2 3 |  3.7

Action                   |  1- 3 |  4- 6 |  7- 9 | 10-12 || total
-------------------------+-------+-------+-------+-------++-------
Melee: Unarmed           |   167 |   347 |   546 |    25 ||  1085
       Headbutt          |     5 |    24 |    25 |       ||    54
       Tailslap          |    13 |    26 |    51 |     3 ||    93
       Kick              |     2 |    25 |    24 |       ||    51
       Punch             |     1 |     2 |     6 |     1 ||    10
Throw: Boomerang         |     3 |       |     2 |       ||     5
 Cast: Beastly Appendage |    11 |    32 |    34 |       ||    77
       Sticks to Snakes  |     1 |     7 |     2 |       ||    10
       Spider Form       |       |     4 |    16 |     1 ||    21
       Ice Form          |       |       |     2 |       ||     2
       Blade Hands       |       |       |     2 |     2 ||     4
Invok: Lunge             |       |       |    19 |       ||    19
       Whirlwind         |       |       |       |     2 ||     2
  Use: Scroll            |     1 |     3 |     5 |       ||     9
       Potion            |       |       |     2 |       ||     2
 Stab: Sleeping          |       |     1 |       |       ||     1
       Distracted        |       |     1 |       |       ||     1
  Eat: Chunk             |     7 |    24 |     8 |       ||    39
       Ration            |       |       |     2 |     1 ||     3
Armor: Skin              |    69 |    99 |   113 |     2 ||   283
Dodge: Dodged            |   126 |   229 |   352 |    15 ||   722

Vanquished Creatures
  Prince Ribbit (D:6)
  A hippogriff (D:6)
  Sigmund (D:4)
  A spriggan (D:7)
  4 yaks (D:8)
  4 water moccasins
  2 ice beasts
  2 phantoms
  A necrophage (D:8)
  3 ogres
  A big kobold (D:8)
  5 bullfrogs
  A wyvern skeleton (D:6)
  A scorpion (D:8)
  4 howler monkeys
  4 electric eels
  6 crimson imps
  A centaur zombie (D:7)
  A quasit (D:5)
  2 jellies
  2 hounds
  4 orc priests
  A gnoll shaman (D:5)
  Terence (D:2)
  4 orc wizards
  7 worker ants
  A hound zombie (D:7)
  A hound skeleton (D:7)
  21 gnolls
  8 adders
  A howler monkey skeleton (D:8)
  2 shadow imps
  2 oozes
  An adder zombie (D:5)
  An adder skeleton (D:5)
  7 worms
  3 dart slugs
  5 leopard geckos
  24 orcs
  A ball python (D:4)
  12 bats
  6 giant cockroaches
  2 gnoll zombies (D:8)
  4 hobgoblins
  6 jackals
  11 kobolds
  6 quokkas
  3 frilled lizards
  7 goblins
  A quokka skeleton (D:4)
  5 rats
206 creatures vanquished.

Vanquished Creatures (collateral kills)
  An iguana (D:6)
1 creature vanquished.

Vanquished Creatures (others)
  4 plants
4 creatures vanquished.

Grand Total: 211 creatures vanquished
